 Dungeon Crawl Stone Soup version 0.28.0-45-g0d030f2227 (webtiles) character file.

Game seed: 8797854429050992998

4 Zeld the Insei (level 1, -1/13 HPs)
             Began as an Octopode Transmuter on Apr 12, 2022.
             Slain by a phantom (4 damage)
             ... on level 3 of the Dungeon.
             The game lasted 00:00:32 (291 turns).

Zeld the Insei (Octopode Transmuter)                 Turns: 291, Time: 00:00:33

Health: -1/13      AC:  1    Str:  9    XL:     1   Next: 60%
Magic:  3/3        EV: 13    Int: 15    God:
Gold:   16         SH:  0    Dex: 12    Spells: 3/4 levels left

rFire   . . .      SeeInvis .     - Unarmed
rCold   . . .      Faith    .   (no shield)
rNeg    . . .      Spirit   .   (helmet restricted)
rPois   .          Reflect  .   (no amulet)
rElec   .          Harm     .   (no ring)
rCorr   .          Rampage  .   (no ring)
Will    .....                   (no ring)
Stlth   ++........              (no ring)
HPRegen 0.04/turn               (no ring)
MPRegen 0.08/turn               (no ring)
                                (no ring)
                                (no ring)

@: no status effects
A: almost no armour, amphibious, 8 rings, camouflage 1, gelatinous body 1,
(nimble swimmer 1), tentacles
a: no special abilities


You were on level 3 of the Dungeon.
You visited 1 branch of the dungeon, and saw 3 of its levels.

You collected 16 gold pieces.

Inventory:

Jewellery
 b - an amulet of the acrobat
Potions
 a - a potion of brilliance {unknown}


   Skills:
 + Level 1.1 Fighting
 - Level 2.0 Dodging
 + Level 0.4 Stealth
 - Level 3.0 Unarmed Combat
 + Level 2.0 Spellcasting
 * Level 2.1 Transmutations


You had 3 spell levels left.
You knew the following spells:

 Your Spells              Type           Power      Damage    Failure   Level
a - Beastly Appendage     Tmut           16%        N/A       9%          1

Your spell library contained the following spells:

 Spells                   Type           Power      Damage    Failure   Level
 Wereblood                Tmut           8%         N/A       14%         2
 Spider Form              Tmut/Pois      4%         N/A       38%         3
 Ice Form                 Ice/Tmut       4%         N/A       80%         4


Dungeon Overview and Level Annotations

Branches:
Dungeon (3/15)

Altars:


Innate Abilities, Weirdness & Mutations

You cannot wear most types of armour.
You are amphibious.
You can wear up to eight rings at the same time.
Your skin changes colour to match your surroundings (Stealth+).
Your rubbery body absorbs attacks. (AC +1, EV +1)
((You are camouflaged when in or above water. (Stealth+)))
You have tentacles for arms and can constrict up to eight enemies at once.


Message History

You kill the dart slug!
No target in view!
No target in view!
Your tentacle spike disappears.
Magic restored.
HP restored.
You now have 16 gold pieces (gained 6).
Found 12 sling bullets.
A goblin comes into view. It is wielding a +0 club.
Found a ring mail.
A goblin is nearby!
A goblin is nearby!
A goblin is nearby!
Casting: Beastly Appendage (safe; 9% risk of failure)
Confirm with . or Enter, or press ? or * to list all spells.
One of your tentacles grows a vicious spike.
The goblin shouts!
You hear a shout!
A phantom comes into view.
You closely miss the phantom. The phantom hits you.
A goblin comes into view. It is wielding a +0 dagger.
You miss the phantom.
You pierce the phantom, but do no damage.
The phantom hits you.
The phantom blinks!
You blink.
A hobgoblin and a ball python come into view.
The ball python moves out of view.
Unknown command.
The goblin barely misses you.
Your transformation is almost over.
The goblin closely misses you.
A hobgoblin comes into view.
The hobgoblin closely misses you.
Your tentacle spike disappears.
The goblin shouts!
You barely miss the phantom. The phantom hits you.
* * * LOW HITPOINT WARNING * * *
There is a stone staircase leading up here.
The phantom hits you.
You die...

#....# #. #.# #....#
. #.# #....# #.#
#....###### #.#
#........... # #.#
#....### #.
#.#.#####g...#.####.
#.#.#..g...g........
#..@#.#######..#####
###.W.# #..†....
##### ###.#####.
#...#...#.
#g###..... #g#
###.## #.# #.## #.#
#..g #g########


You could see a phantom.

Vanquished Creatures
  A dart slug (D:3)
  A goblin (D:2)
2 creatures vanquished.

Notes
Turn   | Place    | Note
-------+----------+-------------------------------------------
     0 | D:1      | Zeld the Octopode Transmuter began the quest for the Orb.
     0 | D:1      | Reached XP level 1. HP: 13/13 MP: 3/3
   236 | D:3      | Noticed a phantom
   291 | D:3      | Slain by a phantom

Illustrated notes

Levels and vault maps discovered:
D:1:      shiori_arrival_oz, layout_basic, shapermc_ecumenical_altar_flowoftime,
          serial_shops, nicolae_shop_hallway_plus
D:2:      cheibrodos_fertilizer, layout_basic, uniq_sigmund,
          uniq_crazy_yiuf_cottage, uniq_jessica
D:3:      layout_basic, nicolae_overflow_ecumenical_swirl, minmay_puff,
          uniq_robin

Action                   || total
-------------------------++-------
Melee: Unarmed           ||     5
       Kick              ||     2
       Constrict         ||     1
       Tentacles         ||     1
 Cast: Beastly Appendage ||     4
 Stab: Sleeping          ||     1
Dodge: Dodged            ||     4
